 Dungeon Crawl Stone Soup version 0.31-a0-1626-g5cb510d322 (webtiles) character file.

Game seed: 9083581029274465917

1428 Morbidden the Covered (level 8, 0/67 HPs)
             Began as an Armataur Fighter on Jan 12, 2024.
             Succumbed to Dowan's poison
             ... on level 4 of the Dungeon.
             The game lasted 00:07:51 (4774 turns).

Morbidden the Covered (Armataur Fighter)            Turns: 4774, Time: 00:07:51

Health: 0/67       AC: 14    Str: 22    XL:     8   Next: 44%
Magic:  11/11      EV:  4    Int: 10    God:
Gold:   315        SH:  4    Dex: 10    Spells: 12/12 levels left

rFire   . . .        b - +0 flail
rCold   + . .        c - +0 buckler
rNeg    . . .        e - +0 chain mail
rPois   .            (no helmet)
rElec   .            (no cloak)
rCorr   .            (no gloves)
SInv    .            f - +0 barding
Will    ++...        (no amulet) Stlth
                     j - ring of wizardry
HPRegen 0.31/turn    m - ring of willpower
MPRegen 0.12/turn

%: roll, wizardry (x1)
@: lethally poisoned (0 -> -8)
A: large, deformed body, tough skin 3, armoured tail, roll 2, cold resistance 1,
strong-willed 1
a: no special abilities


You were on level 4 of the Dungeon.
You visited 1 branch of the dungeon, and saw 5 of its levels.
You also visited: Sewer.

You collected 315 gold pieces.

Inventory:

Hand Weapons
 a - a +0 war axe
 b - a +0 flail (weapon)
Armour
 c - a +0 buckler (worn)
 e - a +0 chain mail (worn)
 f - a +0 barding (worn)
Jewellery
 j - a ring of wizardry (left hand)
 m - a ring of willpower (right hand)
Talismans
 v - a flux talisman
 w - a beast talisman
Wands
 s - a wand of mindburst (11)
 u - a wand of paralysis (10)
Scrolls
 g - a scroll of vulnerability {unknown}
 i - 2 scrolls of noise {unknown}
 o - 2 scrolls of teleportation {unknown}
 q - 2 scrolls of blinking {unknown}
 r - 5 scrolls of identify {unknown}
 t - a scroll of poison {unknown}
Potions
 d - 2 potions of might
 h - a potion of cancellation {unknown}
 k - a potion of invisibility {unknown}
 l - a potion of resistance {unknown}
 p - a potion of brilliance {unknown}


   Skills:
 * Level 4.4 Fighting
 * Level 2.9(4.3) Axes
 * Level 5.4(5.8) Maces & Flails
 * Level 5.9 Armour
 * Level 2.1 Dodging
 * Level 4.6 Shields
 * Level 2.5 Spellcasting
 + Level 0.1 Evocations
 * Level 0.2 Shapeshifting


You had 12 spell levels left.
You didn't know any spells.
Your spell library was empty.

Dungeon Overview and Level Annotations

Branches:
Dungeon (5/15)              Sewer (visited)
 Temple: D:4-7

Altars:
Fedhas


Innate Abilities, Weirdness & Mutations

Armour fits poorly on your strangely shaped body.
You have extremely tough skin. (AC +3)
You have a long armoured tail.
You regenerate magic and health when rolling toward enemies. (Rampage Regen)
Your flesh is cold resistant. (rC+)
You are strong-willed. (Will+)


Message History

Aim: Dowan, wielding a +2 dagger of venom, wearing a +0 robe and carrying a wand of flame (almost dead, fast, chance to affect: 49%) Dowan suddenly stops moving!
You feel extremely sick. The orc hits you but does no damage.
Unknown command.
Unknown command.
The helpless Dowan fails to defend himself.
You sock Dowan!
You kill Dowan!
* * * LOW HITPOINT WARNING * * *
You feel extremely sick. The orc hits you but does no damage.
Unknown command.
* * * LOW HITPOINT WARNING * * *
You feel very sick. The orc hits you but does no damage.
Things that are here:
a +2 dagger of venom; a +0 robe; a wand of flame (25)
* * * LOW HITPOINT WARNING * * *
You feel very sick.
Items here: $ ( ) [.
Unknown command.
You closely miss the orc.
The orc is heavily wounded.
* * * LOW HITPOINT WARNING * * *
You feel very sick. You block the orc's attack.
Unknown command.
Unknown command.
Unknown command.
You barely miss the orc.
The orc is heavily wounded.
* * * LOW HITPOINT WARNING * * *
You feel very sick. You block the orc's attack.
Unknown command.
Unknown command.
You hit the orc.
You kill the orc!
You die...

##.....##'######## #.....##..)...
............#....###.....########
............#............#.......
..>.........#............#.......
............#............#.......
............'............#.......
............#.....)......#.......
............#...)))......#.......
............#...@.)......#.......
........)...###+####...####.####+
)†#####............#...####.####.
..# #............#....#........
..# #............# ...#...<....
..# #............# ...#........
..#...#............#+## #.#####+#
..#...#######'#.).....###.####..#
..#...........#.......#..........


There were no monsters in sight!

Vanquished Creatures
  3 yaks (D:5)
  Duvessa (D:4)
  2 black bears
  A phantom (D:5)
  A centaur (D:5)
  Dowan (D:4)
  A howler monkey (D:5)
  2 bombardier beetles
  2 hounds (D:5)
  3 jellies (Sewer)
  Robin (D:4)
  4 adders
  5 river rats
  2 shadow imps (D:5)
  2 ufetubi (D:4)
  6 ribbon worms
  6 orcs
  7 ball pythons
  8 bats
  17 endoplasms
  6 giant cockroaches
  14 goblins
  13 hobgoblins
  2 jackals (D:5)
  2 quokkas
  6 frilled lizards
  3 kobolds
  12 rats
133 creatures vanquished.

Vanquished Creatures (others)
  A quokka (D:5)
1 creature vanquished.

Grand Total: 134 creatures vanquished

Notes
Turn   | Place    | Note
-------+----------+-------------------------------------------
     0 | D:1      | Morbidden the Armataur Fighter began the quest for the Orb.
     0 | D:1      | Reached XP level 1. HP: 18/18 MP: 1/1
   128 | D:1      | Reached XP level 2. HP: 25/25 MP: 2/2
   173 | D:1      | Found a faded altar of an unknown god.
   923 | D:2      | Reached XP level 3. HP: 9/30 MP: 3/3
  1728 | D:3      | Reached skill level 1 in Maces & Flails
  1772 | D:3      | Reached XP level 4. HP: 31/37 MP: 4/4
  1872 | D:3      | Reached skill level 1 in Spellcasting
  1897 | D:3      | Found a glowing drain.
  1913 | Sewer    | Entered a sewer
  2086 | Sewer    | Gained mutation: You are frail. (-10% HP) [potion of
                  | mutation]
  2086 | Sewer    | Gained mutation: You are strong-willed. (Will+) [potion of
                  | mutation]
  2086 | Sewer    | Gained mutation: You are highly strong-willed. (Will++)
                  | [potion of mutation]
  2086 | Sewer    | Gained mutation: Your flesh is cold resistant. (rC+)
                  | [potion of mutation]
  2087 | Sewer    | Lost mutation: You are frail. (-10% HP) [potion of
                  | mutation]
  2087 | Sewer    | Lost mutation: You are highly strong-willed. (Will++)
                  | [potion of mutation]
  2092 | Sewer    | Reached XP level 5. HP: 34/44 MP: 6/6
  2508 | Sewer    | Reached skill level 1 in Dodging
  2566 | Sewer    | Found a viscous altar of Jiyva.
  3141 | D:4      | Noticed a black bear
  3150 | D:4      | Killed a black bear
  3151 | D:4      | Reached XP level 6. HP: 51/51 MP: 8/8
  3199 | D:4      | Noticed Dowan
  3199 | D:4      | Noticed Duvessa
  3204 | D:5      | Entered Level 5 of the Dungeon
  3217 | D:5      | Reached skill level 5 in Armour
  3335 | D:5      | Gained mutation: You regenerate magic and health when
                  | rolling toward enemies. (Rampage Regen) [Armataur growth]
  3335 | D:5      | Reached XP level 7. HP: 55/57 MP: 9/9
  3570 | D:5      | Noticed a yak
  3570 | D:5      | Noticed a yak
  3596 | D:5      | Noticed a yak
  3599 | D:5      | Killed a yak
  3605 | D:5      | Killed a yak
  3611 | D:5      | Killed a yak
  3612 | D:5      | Reached XP level 8. HP: 15/66 MP: 11/11
  3834 | D:5      | Reached skill level 5 in Maces & Flails
  3876 | D:5      | Found a blossoming altar of Fedhas.
  4442 | D:4      | Noticed Robin
  4714 | D:4      | Killed Robin
  4753 | D:4      | Killed Duvessa
  4769 | D:4      | Killed Dowan
  4773 | D:4      | HP: 2/67 [poisoned by Dowan]
  4774 | D:4      | Succumbed to Dowan's poison

Illustrated notes

Levels and vault maps discovered:
D:1:      dpeg_arrival_round_c, layout_basic, ebering_ecumenical_altar_ruins
D:2:      layout_loops_corners, kennysheep_potato
D:3:      layout_loops_cross, portal_sewer_entry_e
D:4:      layout_gridville, fountainhead, minmay_between, uniq_duvessa,
          uniq_robin
D:5:      layout_loops_cross, amcnicky_altar_gilded

Skill      XL: |  1  2  3  4  5  6  7  8 |
---------------+-------------------------+-----
Armour         | 4 5 |  5.9
Maces & Flails | 1 2 3 4 5 |  5.4
Spellcasting   | 1 2 |  2.5
Axes           | 2 |  2.9
Fighting       | 3 4 |  4.4
Dodging        | 1 2 |  2.1
Shields        | 4 |  4.6
Evocations     | |  0.1
Shapeshifting  | |  0.2

Action                     |  1- 3 |  4- 6 |  7- 9 || total
---------------------------+-------+-------+-------++-------
  Melee: War axe           |    40 |       |       ||    40
         Tailslap          |    10 |    14 |    18 ||    42
         Flail             |    74 |   151 |   128 ||   353
  Evoke: Wand              |       |     2 |     7 ||     9
    Use: Potion            |       |     3 |     2 ||     5
   Stab: Paralysed         |       |       |     1 ||     1
 Armour: Scale mail        |    12 |       |       ||    12
         Chain mail        |    91 |   191 |   237 ||   519
  Dodge: Dodged            |    17 |    47 |    43 ||   107
  Block: Buckler           |    14 |    48 |    54 ||   116

Table legend: (Time is in decaauts)
 A = Elapsed time spent in this place.
 B = Non-inter-level travel time spent in this place.
 C = Inter-level travel time spent in this place.
 D = Time resting spent in this place.
 E = Time spent auto-exploring this place.
 F = Levels seen in this place.
 G = Mean time per level.
                   A        B        C        D        E       F      G
               +--------+--------+--------+--------+--------+-----+--------+
         Total |   4884 |   4742 |    142 |    595 |   2947 |   6 |  814.0 |
       Dungeon |   4131 |   3989 |    142 |    299 |   2678 |   5 |  826.2 |
         Sewer |    753 |    753 |      0 |    296 |    269 |   1 |  753.0 |
               +--------+--------+--------+--------+--------+-----+--------+

Top non-repeatable levels by time:
     D:5: 1068 daAuts
     D:2: 950 daAuts
   Sewer: 753 daAuts
     D:4: 725 daAuts
     D:1: 707 daAuts
     D:3: 680 daAuts
